 Dungeon Crawl Stone Soup version 0.28-a0-932-g843f935a50 (webtiles) character file.

Game seed: 10588978737535854582

245 Conn the Arsonist (level 6, -1/36 HPs)
             Began as an Octopode Fire Elementalist on Nov 26, 2021.
             Succumbed to a scorpion's poison
             ... on level 4 of the Dungeon.
             The game lasted 00:07:15 (4075 turns).

Conn the Arsonist (Octopode Fire Elementalist)      Turns: 4075, Time: 00:07:16

Health: -1/36      AC:  1    Str:  7    XL:     6   Next: 10%
Magic:  7/10       EV: 13    Int: 19    God:
Gold:   194        SH:  0    Dex: 13    Spells: 3/10 levels left

rFire   . . .      SeeInvis .   a - +0 short sword
rCold   . . .      Faith    .   (no shield)
rNeg    . . .      Spirit   .   (helmet restricted)
rPois   .          Reflect  .   j - amulet of the acrobat
rElec   .          Harm     .   (no ring)
rCorr   .          Rampage  .   (no ring)
Will    .....                   (no ring)
Stlth   +++.......              (no ring)
HPRegen 0.12/turn               (no ring)
MPRegen 0.12/turn               (no ring)
                                (no ring)
                                (no ring)

@: brilliant, lethally poisoned (-1 -> -9), attractive, flying
A: almost no armour, amphibious, 8 rings, camouflage 1, gelatinous body 1,
(nimble swimmer 1), tentacles
a: no special abilities


You were on level 4 of the Dungeon.
You visited 1 branch of the dungeon, and saw 4 of its levels.

You collected 194 gold pieces.

Inventory:

Hand Weapons
 a - a +0 short sword (weapon)
Jewellery
 j - an amulet of the acrobat (around mantle)
Scrolls
 c - a scroll of teleportation
 d - a scroll of fear
 h - a scroll of noise {unknown}
 i - 4 scrolls of identify {unknown}
 k - 2 scrolls of fog {unknown}
 l - a scroll of enchant armour {unknown}
 n - a scroll of vulnerability {unknown}
 o - a scroll of magic mapping {unknown}
Potions
 f - a potion of brilliance


   Skills:
 + Level 1.0 Short Blades
 + Level 2.5 Dodging
 + Level 3.4 Stealth
 + Level 2.6 Spellcasting
 + Level 2.2 Conjurations
 + Level 12.6 Fire Magic


You had 3 spell levels left.
You knew the following spells:

 Your Spells              Type           Power      Damage    Failure   Level
a - Foxfire               Conj/Fire      100%       2x1d9     1%          1
b - Conjure Flame         Conj/Fire      46%        6-21      2%          3
c - Inner Flame           Hex/Fire       39%        N/A       3%          3

Your spell library contained the following spells:

 Spells                   Type           Power      Damage    Failure   Level
 Scorch                   Fire           100%       2d10      1%          2
 Pain                     Necr           12%        1d4       16%         1
 Slow                     Hex            12%        N/A       16%         1
 Confusing Touch          Hex            3%         N/A       43%         3
 Frozen Ramparts          Ice            6%         1d2       43%         3
 Flame Wave               Conj/Fire      46%        3d9       8%          4
 Ice Form                 Ice/Tmut       3%         N/A       83%         4
 Summon Ice Beast         Ice/Summ       3%         N/A       83%         4
 Agony                    Necr           3%         N/A       99%         5
 Excruciating Wounds      Necr           1%         N/A       99%         5
 Yara's Violent Unravell  Hex/Tmut       1%         3d3       99%         5


Dungeon Overview and Level Annotations

Branches:
Dungeon (4/15)             Temple (0/1) D:4

Altars:
Fedhas
Ru


Innate Abilities, Weirdness & Mutations

You cannot wear most types of armour.
You are amphibious.
You can wear up to eight rings at the same time.
Your skin changes colour to match your surroundings (Stealth+).
Your rubbery body absorbs attacks. (AC +1, EV +1)
((You are camouflaged near water. (Stealth+)))
You have tentacles for arms and can constrict up to eight enemies at once.


Message History

You feel clever.
You feel sick. The scorpion stings you.
It was a potion of attraction.
You feel attractive to monsters.
You feel sick. The scorpion stings you!
* * * LOW HITPOINT WARNING * * *
It was a potion of heal wounds.
You feel much better.
You feel sick. The scorpion stings you.
You are more poisoned.
The scorpion poisons you! The scorpion stings you.
You are lethally poisoned!
The scorpion poisons you!
Okay, then.
Press: ? - help, v - describe, . - travel
Here: a scorpion (lightly wounded)
The floor.
Unknown command.
Unknown command.
Casting: Inner Flame (dangerous; 3% risk of failure)
Confirm with . or Enter, or press ? or * to list all spells.
Okay, then.
You feel very sick.
Your magical contamination has completely faded away.
As you read the scroll labelled ERALOI RAUTACE, it crumbles to dust.
You feel strangely unstable.
It was a scroll of teleportation.
You feel very sick. The scorpion stings you!
* * * LOW HITPOINT WARNING * * *
Okay, then.
* * * LOW HITPOINT WARNING * * *
You feel very sick.
There is an open door here.
Your surroundings suddenly seem different.
* * * LOW HITPOINT WARNING * * *
You feel very sick.
You see here a +0 flail.
As you read the scroll labelled JIQOAC POT DAA, it crumbles to dust.
You assume a fearsome visage.
Nothing appears to happen.
It was a scroll of fear.
You die...

.........##........#
################.##..........
....<..# #.#########...
####.#.# #.# .. .....#.# #.#
# ######.# #.# # #.# #.# #
#.# #.# # #.# #@# #
#.#########.# ###
#...........# ..#
############# #.# ..# ###


There were no monsters in sight!

Vanquished Creatures
  3 gnolls (D:4)
  An adder (D:2)
  2 worms (D:2)
  3 dart slugs
  6 orcs (D:3)
  7 endoplasms
  4 goblins
  8 hobgoblins
  4 jackals (D:1)
  9 kobolds
  A quokka (D:1)
  4 ball pythons
  7 bats
  7 frilled lizards
  2 rats
68 creatures vanquished.

Vanquished Creatures (collateral kills)
  A foxfire (D:1)
1 creature vanquished.

Vanquished Creatures (others)
  222 foxfires
  3 plants (D:1)
225 creatures vanquished.

Grand Total: 294 creatures vanquished

Notes
Turn   | Place    | Note
-------+----------+-------------------------------------------
     0 | D:1      | Conn the Octopode Fire Elementalist began the quest for the
                  | Orb.
     0 | D:1      | Reached XP level 1. HP: 11/11 MP: 3/3
   203 | D:1      | Reached XP level 2. HP: 6/17 MP: 0/5
  1081 | D:2      | Reached XP level 3. HP: 21/21 MP: 2/6
  1985 | D:2      | Reached XP level 4. HP: 14/27 MP: 0/7
  2186 | D:2      | Found a faded altar of an unknown god.
  2469 | D:3      | Found a blossoming altar of Fedhas.
  3276 | D:3      | Reached skill level 1 in Short Blades
  3607 | D:3      | Learned a level 3 spell: Conjure Flame
  3611 | D:3      | Learned a level 3 spell: Inner Flame
  3856 | D:4      | Found a sacrificial altar of Ru.
  3857 | D:4      | Upgraded the game from 0.28-a0-925-gd5e1996cdb to
                  | 0.28-a0-932-g843f935a50
  3872 | D:4      | Reached XP level 5. HP: 31/31 MP: 5/9
  4060 | D:4      | Found a staircase to the Ecumenical Temple.
  4068 | D:4      | Reached skill level 12 in Fire Magic
  4068 | D:4      | Reached XP level 6. HP: 19/36 MP: 6/10
  4074 | D:4      | HP: 1/36 [poisoned by a scorpion]
  4075 | D:4      | Succumbed to a scorpion's poison

Illustrated notes

Levels and vault maps discovered:
D:1:      wander_arrival_desolate, layout_loops_cross, serial_bayou_lake_a
D:2:      layout_basic, chequers_ecumenical_altar_simple,
          nicolae_figureground_sparkle
D:3:      layout_rooms, fedhas_altar_1, kennysheep_path_1
D:4:      layout_basic, lemuel_round_altar, minmay_temple_entry_glassed_door

Skill      XL: |  1  2  3  4  5 |
---------------+----------------+-----
Stealth        | 3 |  3.4
Short Blades   | 1 |  1.0
Conjurations   | 2 |  2.2
Fire Magic     | 12 | 12.6
Dodging        | |  2.5
Spellcasting   | |  2.6

Action                   |  1- 3 |  4- 6 || total
-------------------------+-------+-------++-------
Melee: Short sword       |    20 |    12 ||    32
       Unarmed           |     4 |       ||     4
       Constrict         |     6 |     1 ||     7
       Tentacles         |     2 |     2 ||     4
 Cast: Foxfire           |    67 |    59 ||   126
  Use: Potion            |       |     5 ||     5
       Scroll            |       |     2 ||     2
 Stab: Sleeping          |     3 |     7 ||    10
Armor: Skin              |     6 |       ||     6
Dodge: Dodged            |    25 |    27 ||    52

Table legend: (Time is in decaauts)
 A = Elapsed time spent in this place.
 B = Non-inter-level travel time spent in this place.
 C = Inter-level travel time spent in this place.
 D = Time resting spent in this place.
 E = Time spent auto-exploring this place.
 F = Levels seen in this place.
 G = Mean time per level.
                   A        B        C        D        E       F      G
               +--------+--------+--------+--------+--------+-----+--------+
         Total |   4077 |   4023 |     54 |     46 |   3348 |   4 | 1019.2 |
       Dungeon |   4077 |   4023 |     54 |     46 |   3348 |   4 | 1019.2 |
               +--------+--------+--------+--------+--------+-----+--------+

Top non-repeatable levels by time:
     D:2: 1408 daAuts
     D:1: 1014 daAuts
     D:4: 856 daAuts
     D:3: 798 daAuts
